 Dungeon Crawl Stone Soup version 0.24-a0-736-g4e6fe308c7 (webtiles) character file.

Game seed: 4507415473870869686, levelgen mode: deterministic

109283 Kairok the Unseen (level 16, -1/89 HPs)
             Began as a Vine Stalker Assassin on Oct 2, 2019.
             Was the Champion of Okawaru.
             Shot with an arrow by a naga sharpshooter (13 damage)
             ... on level 3 of the Snake Pit.
             The game lasted 01:07:37 (20491 turns).

Kairok the Unseen (Vine Stalker Assassin)          Turns: 20491, Time: 01:07:38

Health: -1/89      AC: 24    Str: 22    XL:     16   Next: 51%
Magic:  0/22       EV: 22    Int: 11    God:    Okawaru [******]
Gold:   2003       SH: 21    Dex: 26    Spells: 15/15 levels left

rFire    + . .     SeeInvis .   H - +9 dagger (elec)
rCold    + . .     Gourm    .   J - +0 large shield
rNeg     . . .     Faith    .   Z - +3 scale mail {rF+}
rPois    +         Spirit   +   D - +2 hat
rElec    .         Reflect  .   E - +2 cloak
rCorr    .         Harm     .   G - +1 pair of gloves {Dex+3}
MR       +....                  u - +2 pair of boots
Stlth    +++++++...             N - amulet of magic regeneration
HPRegen  1.04/turn              S - ring of Zyczot {Ice *Slow MR- Str+8 Slay+3}
MPRegen  0.43/turn              I - ring of poison resistance

@: about to teleport, heroism
A: fangs 3, rugged brown scales 1, blink, fire resistance 1, regeneration 2,
magic shield, antimagic bite, no potion heal 3, rot immunity
a: Blink, Heroism, Finesse, Renounce Religion


You were on level 3 of the Snake Pit.
You worshipped Okawaru.
Okawaru was exalted by your worship.
You were near starving.

You visited 5 branches of the dungeon, and saw 22 of its levels.
You also visited: Gauntlet and Ice Cave.

You collected 2073 gold pieces.
You spent 70 gold pieces at shops.

Inventory:

Hand Weapons
 a - the +4 rapier "Jellybane" {pierce, rF+ rN++ Str-2 Dex+2}
   (Okawaru gifted it to you on level 2 of the Lair of Beasts)

   It inflicts extra damage upon your enemies.
   It affects your strength (-2).
   It affects your dexterity (+2).
   It protects you from fire.
   It greatly protects you from negative energy.
 H - a +9 dagger of electrocution (weapon)
Missiles
 e - 10 curare-tipped darts (quivered)
 s - 7 silver boomerangs
 t - 3 atropa-tipped darts
 F - 16 datura-tipped darts
 M - 4 throwing nets
 X - 23 silver javelins
 Y - 8 boomerangs of dispersal
Armour
 c - the +0 helmet of the Armadillo {rCorr}
   (Okawaru gifted it to you in an ice cave)

   It provides partial protection from all sources of acid and corrosion.
 i - a +0 shield
 u - a +2 pair of boots (worn)
 D - a +2 hat (worn)
 E - a +2 cloak (worn)
 G - a +1 pair of gloves of dexterity (worn)
 J - a +0 large shield (worn)
 Z - a +3 scale mail of fire resistance (worn)
Jewellery
 k - the ring of Vuleeghoff {+Blink MP+9 Int+4}
   (You found it in a Gauntlet)

   [ring of magical power]

   It affects your intelligence (+4).
   It affects your magic capacity (+9).
   It lets you blink.
 v - an uncursed amulet of rage
 y - an uncursed ring of see invisible
 z - an uncursed ring of protection from fire
 A - an uncursed ring of resist corrosion
 I - a ring of poison resistance (right hand)
 K - a +4 ring of intelligence
 N - an amulet of magic regeneration (around neck)
 O - a cursed amulet of inaccuracy
 P - an uncursed ring of protection from cold
 R - an uncursed ring of positive energy
 S - the ring of Zyczot (left hand) {Ice *Slow MR- Str+8 Slay+3}
   (You found it in an ice cave)

   [ring of ice]

   It enhances your ice magic.
   It affects your strength (+8).
   It affects your accuracy and damage with ranged weapons and melee attacks
   (+3).
   It makes you vulnerable to fire.
   It protects you from cold.
   It affects your resistance to hostile enchantments.
   It may slow you when you take damage.
Wands
 n - a wand of flame (25)
 x - a wand of enslavement (11)
 L - a wand of digging (4)
 T - a wand of acid (14)
 U - a wand of clouds (2)
 V - a wand of paralysis (8)
Scrolls
 h - 7 scrolls of teleportation
 j - a scroll of enchant weapon
 m - a scroll of fear
 o - 2 scrolls of fog
 r - a scroll of blinking
 B - 10 scrolls of remove curse
 C - a scroll of magic mapping
 W - a scroll of identify
Potions
 b - 12 potions of curing
 d - 2 potions of agility
 g - a potion of resistance
 l - 2 potions of berserk rage
 p - 4 potions of magic
 q - a potion of lignification
 w - 4 potions of haste
 Q - a potion of brilliance
Comestibles
 f - 28 rations


   Skills:
 + Level 11.0(16.0) Fighting
 + Level 11.2(16.2) Short Blades
 + Level 9.9(14.9) Throwing
 + Level 6.2(11.2) Armour
 + Level 10.0(15.0) Dodging
 + Level 15.7(20.7) Stealth
 + Level 8.8(13.8) Shields
 * Level 7.4 Invocations
 + Level 1.1 Evocations


You had 15 spell levels left.
You didn't know any spells.
Your spell library contained the following spells:

 Spells                   Type           Power        Failure   Level  Hunger
 Animate Skeleton         Necr           N/A          97%         1    ##.....
 Apportation              Tloc           #.....       97%         1    ##.....
 Confusing Touch          Hex            #.....       97%         1    ##.....
 Corona                   Hex            #......      97%         1    ##.....
 Summon Small Mammal      Summ           #...         97%         1    ##.....
 Ensorcelled Hibernation  Hex/Ice        #.....       99%         2    ###....
 Slow                     Hex            #.......     99%         2    ###....
 Confuse                  Hex            #.......     100%        3    ####...
 Dazzling Spray           Conj/Hex       #.....       100%        3    ####...
 Mephitic Cloud           Conj/Pois/Air  #.......     100%        3    ####...
 Tukima's Dance           Hex            #.......     100%        3    ####...
 Ice Form                 Ice/Tmut       #.......     100%        4    #####..
 Metabolic Englaciation   Hex/Ice        #.........   100%        5    ######.
 Bolt of Cold             Conj/Ice       #.........   100%        6    #######
 Freezing Cloud           Conj/Ice/Air   #.........   100%        6    #######
 Ozocubu's Refrigeration  Ice            #.........   100%        6    #######
 Simulacrum               Ice/Necr       #.........   100%        6    #######
 Discord                  Hex            #.........   100%        8    #######


Dungeon Overview and Level Annotations

Branches:
Dungeon (11/15)            Temple (1/1) D:7            Lair (6/6) D:10
 Shoals (0/4) Lair:2        Snake (3/4) Lair:4        Slime (1/5) Lair:5
  IceCv (visited)         Gauntlet (visited)
    Orc: D:9-12

Altars:
Ashenzari
Cheibriados
Dithmenos
Elyvilon
Fedhas
Gozag
Hepliaklqana
Kikubaaqudgha
Makhleb
Nemelex Xobeh
Okawaru
Qazlal
Ru
Sif Muna
Trog
Uskayaw
Vehumet
Wu Jian
Xom
Yredelemnul
Zin
The Shining One
Jiyva

Shops:
Snake:2 }==


Innate Abilities, Weirdness & Mutations

You have razor-sharp teeth.
You heal very quickly.
When hurt, damage is shared between your health and your magic reserves.
Your bite disrupts and absorbs the magic of your enemies.
Potions cannot restore your health.
You are immune to rotting.
You are partially covered in rugged brown scales. (AC +1, +3% HP)
You can translocate small distances at will.
Your flesh is heat resistant. (rF+)


Message History

The anaconda grabs you.
You stop ascending the stairs.
The anaconda misses you. The anaconda constricts you.
You block the mana viper's attack.
The shock serpent shoots out a bolt of lightning at you!
The bolt of electricity hits you!
* * * LOW HITPOINT WARNING * * *
You block the black mamba's attack.
A naga comes into view. It is wielding a +0 hand axe.
The mana viper bites you but does no damage.
You block the mana viper's attack.
The anaconda bites you but does no damage. x2
* * * LOW HITPOINT WARNING * * *
The anaconda constricts you.
You escape the anaconda's grasp.
You block the black mamba's attack. The mana viper closely misses you.
You block the anaconda's attack. The anaconda bites you!
* * * LOW HITPOINT WARNING * * *
The naga sharpshooter casts a spell.
The naga sharpshooter magically shoots an arrow.
The arrow hits you!
You die...

#. ..........#
#NS#. ##
#####....# ##N#.
#######....####...
#....##....##.....
#....#........##..
#..S.#..!.....###>
#..S.N[.(.....# ##
#..SSN(......##
#@SSNNN...(...#
###S##S.......#
..NSN........#
#..............#
#..........N...#
#..............#
#####.#...S...##


You could see a naga warrior, 2 naga sharpshooters, 2 anacondas, a naga
ritualist, a shock serpent, 4 mana vipers, 2 black mambas, a naga mage and a
naga.

Vanquished Creatures
  Gastronok (D:9)
  2 nagarajas
  A frost giant (IceCv)
  A minotaur (Gauntlet)
  A fire dragon (Lair:6)
  Josephine (D:10)
  6 hydras
  Fannar (D:11)
  6 naga warriors
  Harold (D:8)
  14 anacondas
  A catoblepas (D:11)
  A death scarab (Gauntlet)
  5 death yaks (Lair:4)
  2 naga sharpshooters
  2 shock serpents (Snake:2)
  Nergalle (D:10)
  A salamander mystic (Snake:2)
  A spectral death yak (Gauntlet)
  3 sea snakes
  2 wizards (Gauntlet)
  7 naga ritualists
  A lindwurm (Lair:6)
  13 mana vipers
  10 salamanders
  4 ugly things
  A cyclops (D:11)
  2 guardian serpents
  8 naga magi
  44 black mambas
  An ice statue (IceCv)
  3 molten gargoyles (Lair:6)
  10 spiny frogs
  15 komodo dragons
  2 rime drakes
  4 trolls
  18 polar bears (IceCv)
  A hornet (D:8)
  5 hippogriffs
  3 blink frogs (Lair:5)
  4 flying skulls (Gauntlet)
  4 wraiths
  A shadow (D:11)
  5 wyverns
  51 yaks
  3 steam dragons (Lair:6)
  6 basilisks
  21 nagas
  15 water moccasins
  7 porcupines
  4 hell hounds (Lair:6)
  2 black bears
  An orc warrior (D:9)
  2 ice beasts
  A phantom (D:10)
  3 ogres
  A sky beast (D:8)
  38 wolves
  9 centaurs
  10 crocodiles
  2 big kobolds
  18 bullfrogs
  A gnoll sergeant (D:7)
  A wyvern zombie (D:9)
  A water moccasin skeleton (D:10)
  7 scorpions
  4 killer bees (D:8)
  An electric eel (Snake:3)
  17 wights
  A howler monkey (D:11)
  7 crimson imps
  3 lava snakes (Lair:6)
  A quasit (D:8)
  3 jellies
  An orc priest (D:9)
  2 centaur skeletons
  7 hounds
  2 bullfrog skeletons (D:5)
  3 iguanas
  Terence (D:3)
  2 orc wizards (D:3)
  6 worker ants
  2 hound skeletons
  12 gnolls
  16 adders
  4 shadow imps
  2 white imps (Gauntlet)
  An adder skeleton (D:8)
  3 worms (D:2)
  3 dart slugs
  3 leopard geckos
  25 orcs
  4 ball pythons
  8 bats
  4 giant cockroaches
  6 goblins
  7 hobgoblins
  3 jackals (D:1)
  6 quokkas
  A ball python zombie (D:6)
  3 frilled lizards (D:2)
  15 kobolds
  A leopard gecko zombie (D:7)
  10 rats
624 creatures vanquished.

Vanquished Creatures (others)
  A naga ritualist (Snake:1)
  A human (D:8)
  A wight (D:11)
  5 fungi
  2 plants
10 creatures vanquished.

Grand Total: 634 creatures vanquished

Notes
Turn   | Place    | Note
-------+----------+-------------------------------------------
     0 | D:1      | Kairok the Vine Stalker Assassin began the quest for the
                  | Orb.
     0 | D:1      | Reached XP level 1. HP: 11/11 MP: 2/2
    40 | D:1      | Reached skill level 5 in Stealth
   105 | D:1      | Reached XP level 2. HP: 8/15 MP: 3/3
   508 | D:1      | Found a shimmering altar of Xom.
   865 | D:2      | Reached XP level 3. HP: 18/18 MP: 4/4
   874 | D:2      | Reached skill level 6 in Stealth
   923 | D:2      | Reached skill level 1 in Dodging
  1173 | D:2      | Gained mutation: Your natural rate of healing is unusually
                  | fast. [Vine Stalker growth]
  1173 | D:2      | Reached XP level 4. HP: 23/23 MP: 5/5
  1209 | D:2      | Found a snail-covered altar of Cheibriados.
  1211 | D:2      | Found a sacrificial altar of Ru.
  1257 | D:2      | Found an ornate altar of the Wu Jian Council.
  1498 | D:2      | Found a shimmering blue altar of Sif Muna.
  1578 | D:2      | Reached XP level 5. HP: 8/26 MP: 1/6
  1723 | D:3      | Reached skill level 1 in Armour
  1757 | D:3      | Found a radiant altar of Vehumet.
  1783 | D:3      | Noticed Terence
  1788 | D:3      | Killed Terence
  2154 | D:3      | Reached XP level 6. HP: 29/32 MP: 7/7
  3127 | D:5      | Entered Level 5 of the Dungeon
  3175 | D:5      | Reached XP level 7. HP: 20/35 MP: 5/8
  3885 | D:6      | Found an ancient bone altar of Kikubaaqudgha.
  4388 | D:6      | Got a slimy war axe
  4389 | D:6      | Identified the +5 war axe of the Lumpy Wishes {freeze,
                  | rElec rPois rF+ Str-4} (You found it on level 6 of the
                  | Dungeon)
  4512 | D:7      | Reached skill level 7 in Stealth
  4525 | D:7      | Gained mutation: You have razor-sharp teeth. [Vine Stalker
                  | growth]
  4525 | D:7      | Reached XP level 8. HP: 40/40 MP: 9/9
  4619 | D:7      | Found a staircase to the Ecumenical Temple.
  4664 | Temple   | Entered the Ecumenical Temple
  4876 | Temple   | Became a worshipper of Warmaster Okawaru
  5110 | D:7      | Found a shadowy altar of Dithmenos.
  5266 | D:7      | Reached skill level 5 in Short Blades
  5588 | D:8      | Noticed Harold
  5604 | D:8      | Reached skill level 8 in Stealth
  5614 | D:8      | Killed Harold
  5614 | D:8      | Reached * piety under Okawaru
  5614 | D:8      | Reached XP level 9. HP: 4/46 MP: 3/10
  5637 | D:8      | HP: 1/46 [killer bee (3)]
  5643 | D:8      | HP: 1/46 [killer bee (1)]
  5648 | D:8      | HP: 1/46 [killer bee (2)]
  5870 | D:8      | Reached ** piety under Okawaru
  5870 | D:8      | Reached skill level 9 in Stealth
  5891 | D:8      | Found an ancient bone altar of Kikubaaqudgha.
  5909 | D:8      | Noticed a hornet
  5932 | D:8      | Killed a hornet
  5932 | D:8      | Reached skill level 5 in Fighting
  5932 | D:8      | Reached skill level 5 in Throwing
  6244 | D:8      | Noticed a green ugly thing
  6271 | D:8      | Killed a green ugly thing
  6271 | D:8      | Reached XP level 10. HP: 44/51 MP: 8/11
  6407 | D:9      | Found a burning altar of Makhleb.
  6436 | D:9      | Noticed Gastronok
  6463 | D:9      | Killed Gastronok
  6463 | D:9      | Reached *** piety under Okawaru
  6463 | D:9      | Reached **** piety under Okawaru
  6463 | D:9      | Reached skill level 5 in Dodging
  6463 | D:9      | Reached skill level 10 in Stealth
  7345 | D:10     | Entered Level 10 of the Dungeon
  7374 | D:10     | Noticed Josephine
  7499 | D:9      | Received a gift from Okawaru
  7545 | D:10     | Reached XP level 11. HP: 42/58 MP: 12/12
  7722 | D:10     | Noticed Nergalle
  7754 | D:10     | Killed Nergalle
  7844 | D:10     | Reached skill level 11 in Stealth
  7986 | D:10     | Found a staircase to the Lair.
  8249 | D:10     | Killed Josephine
  8249 | D:10     | Reached ***** piety under Okawaru
  8709 | D:11     | Noticed a brown ugly thing
  8711 | D:11     | Found a frozen archway.
  8713 | D:11     | Killed a brown ugly thing
  8713 | D:11     | Received a gift from Okawaru
  8805 | D:11     | Noticed a catoblepas
  8844 | D:11     | Noticed a cyclops
  8907 | D:11     | Killed a cyclops
  9052 | D:11     | Received a gift from Okawaru
  9152 | D:11     | Killed a catoblepas
  9258 | IceCv    | Entered an ice cave
  9355 | IceCv    | Gained mutation: You heal very quickly. [Vine Stalker
                  | growth]
  9355 | IceCv    | Reached XP level 12. HP: 20/64 MP: 6/13
  9377 | IceCv    | Reached skill level 12 in Stealth
  9651 | IceCv    | Received a gift from Okawaru
  9686 | IceCv    | Got a distressingly furry helmet {god gift}
  9697 | IceCv    | Identified the +0 helmet of the Armadillo {rCorr} (Okawaru
                  | gifted it to you in an ice cave)
 10490 | IceCv    | Noticed a frost giant
 10501 | IceCv    | Killed a frost giant
 10533 | IceCv    | Got a clouded copper ring
 10536 | IceCv    | Identified the ring of Zyczot {Ice *Slow MR- Str+8 Slay+3}
                  | (You found it in an ice cave)
 10571 | IceCv    | Identified Sif Muna's Compendium of the Entrancing Birds
 11154 | D:11     | Noticed Fannar
 11175 | D:11     | Received a gift from Okawaru
 11175 | D:11     | Reached skill level 13 in Stealth
 11199 | D:11     | Reached XP level 13. HP: 41/70 MP: 14/14
 11205 | D:11     | Killed Fannar
 11205 | D:11     | Received a gift from Okawaru
 11434 | Lair:1   | Entered Level 1 of the Lair of Beasts
 11843 | Lair:1   | Received a gift from Okawaru
 12521 | Lair:2   | Reached skill level 10 in Short Blades
 12663 | Lair:2   | Received a gift from Okawaru
 12666 | Lair:2   | Got a brightly glowing rapier {god gift}
 12667 | Lair:2   | Identified the +4 rapier "Jellybane" {pierce, rF+ rN++
                  | Str-2 Dex+2} (Okawaru gifted it to you on level 2 of the
                  | Lair of Beasts)
 12692 | Lair:2   | Found a staircase to the Shoals.
 13154 | Lair:3   | Found a gate leading to a gauntlet.
 13196 | Gauntlet | Entered a Gauntlet
 13196 | Gauntlet | Found a transporter.
 13196 | Gauntlet | Found a transporter.
 13197 | Gauntlet | Noticed a death ooze
 13207 | Gauntlet | Found a transporter.
 13208 | Gauntlet | Found a transporter.
 13214 | Gauntlet | Found a runed translucent gate.
 13216 | Gauntlet | Found a transporter.
 13217 | Gauntlet | Found a runed translucent gate.
 13218 | Gauntlet | Found a runed translucent gate.
 13220 | Gauntlet | Found a transporter.
 13229 | Gauntlet | Found a transporter.
 13244 | Gauntlet | Found a transporter.
 13259 | Gauntlet | Found a transporter.
 13263 | Gauntlet | Found a transporter.
 13267 | Gauntlet | Found a runed translucent door.
 13267 | Gauntlet | Found a runed translucent door.
 13271 | Gauntlet | Found a transporter.
 13275 | Gauntlet | Found a transporter.
 13345 | Gauntlet | Got a shimmering halberd
 13393 | Gauntlet | Reached skill level 14 in Stealth
 13408 | Gauntlet | Got a faintly humming scale mail
 13419 | Gauntlet | Identified the +4 scale mail "Iskamaeh" {Stlth+} (You found
                  | it in a Gauntlet)
 13487 | Gauntlet | Got a scorched turquoise ring
 13504 | Gauntlet | Identified the ring of Vuleeghoff {+Blink MP+9 Int+4} (You
                  | found it in a Gauntlet)
 13539 | Gauntlet | Noticed a minotaur
 13553 | Gauntlet | Killed a minotaur
 13967 | Lair:3   | Reached XP level 14. HP: 66/76 MP: 15/15
 14429 | Lair:4   | Reached skill level 10 in Fighting
 14487 | Lair:4   | Found a staircase to the Snake Pit.
 14503 | Lair:4   | Received a gift from Okawaru
 14596 | Lair:4   | Gained mutation: You are partially covered in rugged brown
                  | scales. (AC +1, +3% HP) [potion of mutation]
 14596 | Lair:4   | Gained mutation: Your flesh is heat resistant. (rF+)
                  | [potion of mutation]
 14596 | Lair:4   | Gained mutation: You can translocate small distances at
                  | will. [potion of mutation]
 14886 | Lair:4   | Reached skill level 1 in Shields
 14912 | Lair:4   | Received a gift from Okawaru
 15251 | Lair:5   | Found a staircase to the Slime Pits.
 15252 | Lair:5   | Found a viscous altar of Jiyva.
 15767 | Slime:1  | Entered Level 1 of the Pits of Slime
 15767 | Slime:1  | Noticed an acid blob
 15797 | Lair:6   | Entered Level 6 of the Lair of Beasts
 15875 | Lair:6   | Reached skill level 1 in Invocations
 15964 | Lair:6   | Received a gift from Okawaru
 15969 | Lair:6   | Reached ****** piety under Okawaru
 16458 | Lair:6   | Received a gift from Okawaru
 16648 | Lair:6   | Found a large runed translucent door.
 16648 | Lair:6   | Found a large runed translucent door.
 16654 | Lair:6   | Reached skill level 15 in Stealth
 17531 | Snake:1  | Entered Level 1 of the Snake Pit
 17571 | Snake:1  | Received a gift from Okawaru
 17583 | Snake:1  | Got a crude short sword {god gift}
 17587 | Snake:1  | Identified the +9 short sword "Xafrucia" {venom, rN+
                  | Stlth+} (Okawaru gifted it to you on level 1 of the Snake
                  | Pit)
 17593 | Snake:1  | Reached XP level 15. HP: 26/83 MP: 10/18
 17677 | Snake:1  | Reached skill level 5 in Shields
 17878 | Snake:1  | Found a runed translucent gate.
 17878 | Snake:1  | Found a runed translucent gate.
 17878 | Snake:1  | Found a runed translucent gate.
 17888 | Snake:1  | Noticed a nagaraja
 17903 | Snake:1  | Killed a nagaraja
 18056 | Snake:1  | Reached skill level 5 in Invocations
 18062 | Snake:1  | Received a gift from Okawaru
 18285 | Snake:1  | Reached skill level 5 in Armour
 18350 | Snake:1  | Received a gift from Okawaru
 18450 | Snake:2  | You fall into a shaft and drop 1 floor!
 18585 | Snake:3  | HP: 3/83 [mana viper (7)]
 18692 | Snake:2  | Received a gift from Okawaru
 18695 | Snake:2  | Got a bone rapier {god gift}
 18701 | Snake:2  | Identified the +10 rapier of Light {pierce, rF- rN+ Dex+4}
                  | (Okawaru gifted it to you on level 2 of the Snake Pit)
 19281 | Snake:2  | Reached XP level 16. HP: 82/88 MP: 21/21
 19292 | Snake:2  | Found Irag's Gadget Shop.
 19292 | Snake:2  | Found Nugi's Jewellery Emporium.
 19293 | Snake:2  | Found Cibonofe's Jewellery Emporium.
 19298 | Snake:2  | Bought a cursed amulet of inaccuracy for 38 gold pieces
 19303 | Snake:2  | Bought a cursed -2 ring of dexterity for 32 gold pieces
 19360 | Snake:2  | Received a gift from Okawaru
 19360 | Snake:2  | Reached skill level 1 in Evocations
 19818 | Snake:2  | Reached skill level 10 in Dodging
 20343 | Snake:3  | Noticed a nagaraja
 20353 | Snake:3  | Killed a nagaraja
 20491 | Snake:3  | Shot with an arrow by a naga sharpshooter

Levels and vault maps discovered:
D:1:      ncdulo_smallfort, layout_rooms, serial_forest,
          infiniplex_forest_end_double, infiniplex_forest_straight_2,
          infiniplex_forest_clump_medium, infiniplex_forest_clump_diagonal,
          infiniplex_forest_clump_double, infiniplex_forest_straight_4,
          infiniplex_forest_end_1, xom_teletrap_fun
D:2:      layout_rooms, nicolae_overflow_crystal_walls,
          grunt_temple_overflow_open
D:3:      layout_loops_cross, vehumet_crystals, first_ration, kennysheep_potato,
          uniq_terence
D:4:      kennysheep_six_static_rooms, layout_basic, uniq_blork_the_orc
D:5:      layout_cave_pods
D:6:      layout_basic, kennysheep_little_box, minivault_10
D:7:      layout_basic, lemuel_doored_altar, minmay_temple_entry_junction
D:8:      layout_rooms, tgw_kikubaaqudgha, uniq_harold
D:9:      layout_loops_cross, lemuel_coloured_pillars_altar, uniq_gastronok
D:10:     layout_irregular_city, david_lair_shrubbed, uniq_nergalle,
          uniq_josephine
D:11:     layout_loops_ring, portal_ice_cave_entry_pillars_1, uniq_fannar
Temple:   eino_temple_water
Lair:1:   layout_hall_layers, minivault_19, chequers_serial_rivers_room_a,
          grunt_megastairs_1
Lair:2:   layout_layer_cave, minmay_shoals_entry_centaurs
Lair:3:   layout_cave_pods, gauntlet_entry_generic
Lair:4:   layout_loops_ring, guppyfry_snake_entry_island
Lair:5:   layout_small_grid, slime_altar_1, eino_small_chamber_without_monster,
          serial_bayou_shore_a, lemuel_fruit_fields, infiniplex_staircase_pool_2
Lair:6:   cheibrodos_lair_end_hotspot, layout_cave_pods, minivault_25,
          infiniplex_staircase_pool
Snake:1:  layout_misc_corridors, nicolae_snake_horde_hoard
Snake:2:  layout_chambers, minmay_shop_grove, grunt_megastairs_4,
          serial_bayou_shore_b
Snake:3:  layout_basic
Slime:1:  layout_caves

Skill      XL: |  1  2  3  4  5  6  7  8  9 10 11 12 13 14 15 16 |
---------------+-------------------------------------------------+-----
Stealth        | 5 6 7 8 9 10 11 13 14 15 | 15.7
Short Blades   | 2 3 4 5 6 7 8 9 10 11 | 11.2
Dodging        | 1 2 3 4 5 6 7 8 9 10 | 10.0
Fighting       | 2 3 4 5 6 7 8 9 10 11 | 11.0
Throwing       | 2 3 4 5 6 7 8 9 |  9.9
Armour         | 1 2 4 5 6 |  6.2
Shields        | 4 7 8 |  8.8
Invocations    | 3 6 7 |  7.4
Evocations     | 1 |  1.1

Action                   |  1- 3 |  4- 6 |  7- 9 | 10-12 | 13-15 | 16-18 || total
-------------------------+-------+-------+-------+-------+-------+-------++-------
Melee: Dagger            |   101 |   208 |   225 |  1402 |  1071 |   211 ||  3218
       Bite              |    16 |    59 |   141 |   688 |   501 |   110 ||  1515
       War axe           |       |       |   131 |       |       |       ||   131
       Short sword       |       |       |       |       |     3 |       ||     3
Throw: Dart              |       |    15 |     2 |     4 |     2 |       ||    23
Invok: Heroism           |       |       |     7 |    31 |    18 |     3 ||    59
       Finesse           |       |       |       |       |       |     1 ||     1
Evoke: Wand              |       |       |     1 |    10 |     8 |       ||    19
  Use: Scroll            |     3 |     8 |     4 |     5 |    19 |     3 ||    42
       Potion            |     3 |       |     5 |     4 |     2 |       ||    14
 Stab: Sleeping          |     7 |     3 |       |     5 |    23 |     6 ||    44
       Petrifying        |       |       |       |     3 |       |       ||     3
       Confused          |       |       |       |     6 |       |       ||     6
       Invisible         |       |       |       |     2 |       |       ||     2
       Distracted        |       |       |       |       |     1 |       ||     1
       Fleeing           |       |       |       |       |     1 |       ||     1
  Eat: Chunk             |       |     7 |     8 |     6 |    20 |     3 ||    44
       Ration            |       |       |     1 |     3 |     2 |       ||     6
Armor: Robe              |     4 |       |       |       |       |       ||     4
       Ring mail         |    45 |    12 |       |       |       |       ||    57
       Chain mail        |       |    92 |   221 |   673 |   107 |       ||  1093
       Scale mail        |       |       |       |       |   171 |    54 ||   225
Dodge: Dodged            |    64 |    80 |    44 |   223 |   342 |    80 ||   833
Block: Large shield      |       |       |   228 |   728 |   663 |   175 ||  1794
       Shield            |       |       |       |       |     4 |       ||     4

Table legend:
 A = Non-vault XP
 B = Vault XP
 C = Vault XP percentage of total XP
 D = Non-vault monster count
 E = Vault monster count
 F = Vault count percentage of total count
                 A         B        C        D         E       F
            +---------+---------+-------+---------+---------+-------
      Total |  108749 |   47370 |  30.3 |     467 |     159 |  25.4
            +---------+---------+-------+---------+---------+-------
        D:1 |      30 |       0 |   0.0 |      16 |       0 |   0.0
        D:2 |     164 |       0 |   0.0 |      31 |       0 |   0.0
        D:3 |     137 |      40 |  22.6 |      22 |       3 |  12.0
        D:4 |      36 |      50 |  58.1 |       4 |       4 |  50.0
        D:5 |     244 |       0 |   0.0 |       5 |       0 |   0.0
        D:6 |     220 |       0 |   0.0 |       8 |       0 |   0.0
        D:7 |    1207 |       0 |   0.0 |      25 |       0 |   0.0
        D:8 |    2114 |     955 |  31.1 |      32 |       1 |   3.0
        D:9 |     764 |    3073 |  80.1 |      21 |       4 |  16.0
       D:10 |    1520 |    2412 |  61.3 |      25 |       4 |  13.8
       D:11 |    6449 |     976 |  13.1 |      39 |       1 |   2.5
     Lair:1 |    8012 |    1993 |  19.9 |      34 |      11 |  24.4
     Lair:2 |    2124 |     454 |  17.6 |      12 |       4 |  25.0
     Lair:3 |    5916 |       0 |   0.0 |      24 |       0 |   0.0
     Lair:4 |   11142 |     329 |   2.9 |      24 |       2 |   7.7
     Lair:5 |    1789 |       0 |   0.0 |       9 |       0 |   0.0
     Lair:6 |    7279 |    9842 |  57.5 |      27 |      28 |  50.9
    Snake:1 |   16823 |    8999 |  34.9 |      30 |      25 |  45.5
    Snake:2 |   30728 |     332 |   1.1 |      57 |       2 |   3.4
    Snake:3 |   12051 |       0 |   0.0 |      22 |       0 |   0.0
      IceCv |       0 |   12763 | 100.0 |       0 |      56 | 100.0
   Gauntlet |       0 |    5152 | 100.0 |       0 |      14 | 100.0
            +---------+---------+-------+---------+---------+-------
